 Dungeon Crawl Stone Soup version 0.23-a0-183-gf37f6fb (webtiles) character file.

31 4thArraOfDagon the Magician (level 3, -1/27 HPs)
             Began as a Mummy Warper on Sept 21, 2018.
             Was an Initiate of Cheibriados.
             Slain by a gnoll
             ... wielding a +0 club
              (7 damage)
             ... on level 4 of the Dungeon.
             The game lasted 00:03:01 (456 turns).

4thArraOfDagon the Magician (Mummy Warper)           Turns: 456, Time: 00:03:01

Health: -1/27      AC:  6    Str: 15    XL:     3   Next: 7%
Magic:  7/7        EV: 11    Int: 14    God:    Cheibriados [......]
Gold:   51         SH:  0    Dex: 12    Spells: 2/7 levels left

rFire    x . .     SeeInvis .   a - +1 falchion
rCold    + . .     Gourm    .   (no shield)
rNeg     + + +     Faith    .   g - +0 ring mail
rPois    ∞         Spirit   .   (no helmet)
rElec    .         Reflect  .   h - +0 cloak
rCorr    .         Harm     .   (no gloves)
MR       .....                  (no boots)
Stlth    +.........             (no amulet)
HPRegen  0.09/turn              (no ring)
MPRegen  0.10/turn              (no ring)

@: very slightly contaminated, very slow
A: no food or potions, fire vulnerability, cold resistance 1, negative energy
resistance 3, torment resistance, unbreathing
a: Bend Time, Renounce Religion


You were on level 4 of the Dungeon.
You worshipped Cheibriados.
Cheibriados was noncommittal.
You were not hungry.

You visited 1 branch of the dungeon, and saw 4 of its levels.

You collected 51 gold pieces.

Inventory:

Hand Weapons
 a - a +1 falchion (weapon)
Missiles
 e - 4 tomahawks of dispersal (quivered)
Armour
 g - a +0 ring mail (worn)
 h - a +0 cloak (worn)


   Skills:
 - Level 2.0 Fighting
 * Level 2.3 Long Blades
 - Level 0.7 Throwing
 + Level 1.3 Armour
 - Level 2.0 Dodging
 - Level 2.6 Spellcasting
 - Level 2.4 Translocations


You had 2 spell levels left.
You knew the following spells:

 Your Spells              Type           Power        Failure   Level  Hunger
a - Blink                 Tloc           N/A          24%         2    N/A
b - Lesser Beckoning      Tloc           #.........   43%         3    N/A

Your spell library contained the following spells:

 Spells                   Type           Power        Failure   Level  Hunger
 Shroud of Golubria       Chrm/Tloc      #.........   36%         2    N/A
 Gell's Gravitas          Tloc           #.........   43%         3    N/A
 Teleport Other           Tloc           #.......     43%         3    N/A
 Passage of Golubria      Tloc           N/A          83%         4    N/A

Dungeon Overview and Level Annotations

Branches:
Dungeon (4/15)
 Temple: D:4-7

Altars:
Cheibriados

Shops:
D:4 :

Annotations:
D:2 Natasha
D:3 Grinder


Innate Abilities, Weirdness & Mutations

You do not eat or drink.
Your flesh is vulnerable to fire.
You are immune to poison.
Your flesh is cold resistant. (rC+)
You are immune to negative energy. (rN+++)
You are immune to unholy pain and torment.
You can survive without breathing.


Message History

As you read the scroll of magic mapping, it crumbles to dust.
You feel aware of your surroundings.
You sensed 1 altar.
Unknown command.
Unknown command.
The gnoll hits you.
Unknown command.
You hit the gnoll but do no damage.
The gnoll is lightly wounded.
The gnoll hits you.
* * * LOW HITPOINT WARNING * * *
Unknown command.
You aren't carrying any scrolls.
Throwing (i - inventory)
e - 5 tomahawks of dispersal (quivered)
Press: ? - help, Shift-Dir - straight line, f - you Really target yourself?
That tomahawk of dispersal is likely to hit you.
Continue anyway?
You throw a tomahawk of dispersal.
The tomahawk of dispersal barely misses you.
The gnoll hits you with a club!
You die...

..g.<)..##.#.#g#***.**,***,*,,,≈*
.#.###.....###.###*...,* *,*,*,,≈
.#.# ##.##.###.#_##..,,***,,,*,,≈
,#g# #........†≈≈#.#**,,,****,≈*
,..# #..#..##≈≈≈≈≈.# **,** *,*,
,.## #..#....≈≈.≈≈.# *,*****,*,
..* #.....##≈≈≈≈≈## *,,,,,,,*,
..*****.##.**#gg≈≈.# *******,,*
,,**,**,*#,* ##g@..# *,,,
,**,,,,,**,* ##.#.# ****
,,**,*****,* #...# * ,,******,,,*
###.# * ,,,,**,,,,,******#.#
,*******,*,,,,,,,..#
,,,,****,*,******### ***,**,,,,,*
*,**,*,***


You could see 3 gnolls.

Vanquished Creatures
  A gnoll (D:1)
  A dart slug (D:4)
  2 orcs
  A bat (D:1)
  A giant cockroach (D:1)
  2 goblins
  A hobgoblin (D:1)
  A quokka (D:3)
  A frilled lizard (D:1)
  5 kobolds (D:1)
  A rat (D:1)
17 creatures vanquished.

Notes
Turn   | Place    | Note
-------+----------+-------------------------------------------
     0 | D:1      | 4thArraOfDagon the Mummy Warper began the quest for the
                  | Orb.
     0 | D:1      | Reached XP level 1. HP: 16/16 MP: 4/4
   160 | D:1      | Reached skill level 1 in Armour
   170 | D:1      | Reached XP level 2. HP: 17/22 MP: 5/5
   357 | D:2      | Learned a level 2 spell: Blink
   378 | D:2      | Noticed Natasha
   393 | D:3      | Noticed Grinder
   419 | D:4      | Reached XP level 3. HP: 21/27 MP: 7/7
   424 | D:4      | Learned a level 3 spell: Lesser Beckoning
   427 | D:4      | :(
   431 | D:4      | Found Cig Evah's Book Emporium.
   445 | D:4      | Found a snail-covered altar of Cheibriados.
   447 | D:4      | Became a worshipper of Cheibriados the Contemplative
   456 | D:4      | Slain by a gnoll

Vault maps used:
D:1:      mainiacjoe_arrival_reflecting_pool, serial_bayou_pond_a,
          hangedman_decor_peaks_small
D:2:      nicolae_overflow_crystal_walls, uniq_natasha
D:3:      first_ration, uniq_grinder, uniq_ijyb
D:4:      lemuel_castle_with_subvaults, kennysheep_slug_shrine, serial_shops,
          shop, fountainhead, nrook_loot_triangle, lemuel_angel_altar

Skill      XL: |  1  2 |
---------------+-------+-----
Armour         | 1 |  1.3
Long Blades    | 2 |  2.3
Dodging        | 2 |  2.0
Fighting       | |  2.0
Throwing       | |  0.7
Spellcasting   | |  2.6
Translocations | |  2.4

Action                   || total
-------------------------++-------
Melee: Falchion          ||    72
Throw: Tomahawk          ||     1
  Use: Scroll            ||     5
Armor: Ring mail         ||    19
       Leather armour    ||     5
Dodge: Dodged            ||    43
       Rpst.: Falchion   ||    14

Table legend:
 A = Non-vault XP
 B = Vault XP
 C = Vault XP percentage of total XP
 D = Non-vault monster count
 E = Vault monster count
 F = Vault count percentage of total count
                 A         B        C        D         E       F
            +---------+---------+-------+---------+---------+-------
      Total |      41 |       4 |   8.9 |      16 |       1 |   5.9
            +---------+---------+-------+---------+---------+-------
        D:1 |      31 |       0 |   0.0 |      12 |       0 |   0.0
        D:2 |       2 |       0 |   0.0 |       1 |       0 |   0.0
        D:3 |       5 |       0 |   0.0 |       2 |       0 |   0.0
        D:4 |       3 |       4 |  57.1 |       1 |       1 |  50.0
            +---------+---------+-------+---------+---------+-------
